 Dungeon Crawl Stone Soup version bcrawl-1.21.3-16-g7f46a08de7 (webtiles) character file.

Game seed: 17561337940536553467

216 Anathary the Ducker (level 5, -2/36 HPs)
             Began as a Fairy Fighter on Apr 30, 2020.
             Slain by a sky beast (5 damage)
             ... on level 4 of the Dungeon.
             The game lasted 00:07:39 (2491 turns).

Anathary the Ducker (Fairy Fighter)                 Turns: 2491, Time: 00:07:40

Health: -2/36      AC:  4    Str: 14    XL:     5   Next: 93%
Magic:  7/7        EV: 16    Int: 12    God:
Gold:   251        SH: 14    Dex: 12    Spells: 4/4 levels left

rFire    . . .     SeeInvis .   a - +0 rapier
rCold    . . .     Gourm    .   b - +0 medium shield
rNeg     . . .     Faith    .   (armour unavailable)
rPois    +         Spirit   .   (no helmet)
rElec    .         Reflect  .   (no cloak)
rCorr    .         Harm     .   (no gloves)
MR       .....                  (no boots)
Stlth    ..........             (no amulet)
HPRegen  0.12/turn              o - ring of poison resistance
MPRegen  0.10/turn              (no ring)

@: flying evasively
A: small, magic attunement, unstealthy, unfitting armour, able to fly, AC/SH +4
a: Stop Flying


You were on level 4 of the Dungeon.
You were not hungry.

You visited 1 branch of the dungeon, and saw 4 of its levels.

You collected 251 gold pieces.

Inventory:

Hand Weapons
 a - a +0 rapier (weapon)
Armour
 b - a +0 medium shield (worn)
Jewellery
 o - a ring of poison resistance (left hand)
Scrolls
 d - 2 scrolls of teleportation {unknown}
 f - 3 scrolls of identify {unknown}
 k - 3 scrolls of remove curse {unknown}
 m - a scroll of enchant weapon {unknown}
 n - 2 scrolls of fear {unknown}
 p - 2 scrolls of immolation {unknown}
Potions
 c - a potion of might
 g - a potion of ambrosia {unknown}
 h - a potion of heal wounds {unknown}
 i - a potion of agility {unknown}
 j - 2 potions of invisibility {unknown}
 l - a potion of lignification {unknown}
 q - a potion of resistance {unknown}
Comestibles
 e - 2 rations {!d}


   Skills:
 + Level 3.1 Fighting
 + Level 3.7 Short Blades
 + Level 5.3 Dodging
 + Level 5.3 Shields


You had 4 spell levels left.
You didn't know any spells.
Your spell library was empty.

Dungeon Overview and Level Annotations

Branches:
Dungeon (4/12)
 Temple: D:4-7

Altars:
Kikubaaqudgha
Okawaru
Vehumet

Annotations:
D:4 Grinder


Innate Abilities, Weirdness & Mutations

Your spells do not cause hunger and MP costs are reduced by 1.
Your bright wings attract enemies. (Stealth-)
You cannot fit into any form of body armour.
Your shimmering scales are hard and can block incoming attacks. (AC +4, SH +4)
You are small and have problems with some larger weapons.
You can fly continuously.


Message History

Your shield prevents you from hitting the sky beast.
The sky beast is heavily wounded.
The hound barely misses you.
The sky beast hits you but does no damage.
Grinder comes into view.
You closely miss the sky beast.
The sky beast is heavily wounded.
Grinder shouts!
You block the hound's attack. The sky beast hits you. The sky beast shocks you.
* * * LOW HITPOINT WARNING * * *
The hound closely misses you.
You hit the sky beast.
The sky beast is severely wounded.
You block the hound's attack. The sky beast misses you.
You puncture the sky beast!
The sky beast is almost dead.
The hound bites you.
* * * LOW HITPOINT WARNING * * *
The sky beast hits you.
You die...

## ..<.. ###
#.... ..#
##...####.#
#.......#.##
...........#
........#..######
#....Y≈?.......#
#...##@.....##. #
#h#..#.# #o#....#
#o#.##.# 5o#.##.#
...$....
...####.## .<.#
#.. . ##.


You could see Grinder, a sky beast, a hound and 3 orcs.

Vanquished Creatures
  A hound (D:2)
  An orc priest (D:3)
  An orc wizard (D:3)
  4 adders
  An ooze (D:2)
  A worm (D:2)
  5 dart slugs
  8 leopard geckos
  5 orcs (D:3)
  3 ball pythons
  3 bats
  4 giant cockroaches
  7 hobgoblins
  9 kobolds
  2 quokkas (D:2)
  4 frilled lizards
  2 goblins
  2 rats (D:1)
63 creatures vanquished.

Notes
Turn   | Place    | Note
-------+----------+-------------------------------------------
     0 | D:1      | Anathary the Fairy Fighter began the quest for the Orb.
     0 | D:1      | Reached XP level 1. HP: 15/15 MP: 3/3
   192 | D:1      | Reached XP level 2. HP: 20/20 MP: 4/4
   644 | D:1      | Reached XP level 3. HP: 26/26 MP: 5/5
   907 | D:2      | Reached XP level 4. HP: 25/31 MP: 6/6
  1283 | D:2      | Found a radiant altar of Vehumet.
  1785 | D:3      | Noticed a sky beast
  1867 | D:3      | Found a faded altar of an unknown god.
  1894 | D:3      | Reached skill level 5 in Dodging
  1925 | D:3      | Reached XP level 5. HP: 36/36 MP: 7/7
  1994 | D:3      | Reached skill level 5 in Shields
  2159 | D:3      | Found an iron altar of Okawaru.
  2397 | D:3      | Found an ancient bone altar of Kikubaaqudgha.
  2488 | D:4      | Noticed Grinder
  2491 | D:4      | Slain by a sky beast

Skill      XL: |  1  2  3  4  5 |
---------------+----------------+-----
Fighting       | 3 |  3.1
Shields        | 4 5 |  5.3
Short Blades   | 3 |  3.7
Dodging        | 5 |  5.3

Action                   |  1- 3 |  4- 6 || total
-------------------------+-------+-------++-------
Melee: Rapier            |    70 |   184 ||   254
  Eat: Ration            |       |     2 ||     2
Armor: Skin              |     4 |    16 ||    20
Dodge: Dodged            |    24 |    68 ||    92
Block: Medium shield     |    52 |   133 ||   185
